 Dungeon Crawl Stone Soup version 0.28.0-43-g3370ac3207 (webtiles) character file.

Game seed: 3143223783042005049

4377 boopmooplesden the Carver (level 10, -5/91 HPs)
             Began as a Minotaur Berserker on Mar 16, 2022.
             Was an Elder of Trog.
             Slain by a boulder beetle (8 damage)
             ... on level 9 of the Dungeon.
             The game lasted 00:11:59 (10021 turns).

boopmooplesden the Carver (Minotaur Berserker)     Turns: 10021, Time: 00:12:00

Health: -5/91      AC: 14    Str: 23    XL:     10   Next: 13%
Magic:  9/9        EV: 12    Int:  6    God:    Trog [****..]
Gold:   457        SH:  0    Dex: 11    Spells: 9/9 levels left

rFire   . . .      SeeInvis .   B - +0 scimitar
rCold   + + .      Faith    +   (no shield)
rNeg    . . .      Spirit   .   A - +0 plate armour of Insecurity {-Tele rC++ Will++}
rPois   .          Reflect  .   (helmet restricted)
rElec   .          Harm     .   w - scarf {shadows}
rCorr   .          Rampage  .   (no gloves)
Will    ++...      NoTele   +   (no boots)
Stlth   ..........              f - amulet of faith
HPRegen 0.25/turn               x - +4 ring of evasion
MPRegen 0.11/turn               (no ring)

@: on berserk cooldown, slowed, very slow
A: horns 2, retaliatory headbutt
a: Renounce Religion, Berserk, Trog's Hand, Brothers in Arms


You were on level 9 of the Dungeon.
You worshipped Trog.
Trog was greatly pleased with you.
You visited 1 branch of the dungeon, and saw 9 of its levels.

You collected 457 gold pieces.

Inventory:

Hand Weapons
 q - a +1 long sword
 v - a +2 rapier of venom
 y - a +3 long sword
 B - a +0 scimitar (weapon)
Missiles
 k - 12 boomerangs (quivered)
Armour
 b - a +0 animal skin
 o - a +1 scale mail
 w - a scarf of shadows (worn)
 A - the +0 plate armour of Insecurity (worn) {-Tele rC++ Will++}
   (You took it off a wight on level 8 of the Dungeon)

   rC:        It greatly protects you from cold.
   -Tele:     It prevents most forms of teleportation.
   Will:      It greatly increases your willpower.
 C - the +4 chain mail "Cumeygg" {rN+++ Int-4 Dex+4 Stlth+}
   (You found it on level 9 of the Dungeon)

   Int:       It affects your intelligence (-4).
   Dex:       It affects your dexterity (+4).
   rN:        It renders you almost immune to negative energy.
   Stlth:     It makes you more stealthy.
Jewellery
 e - a ring of magical power
 f - an amulet of faith (around neck)
 x - a +4 ring of evasion (left hand)
Wands
 j - a wand of paralysis (14)
 m - a wand of flame (19)
Scrolls
 d - a scroll of fog
 g - 2 scrolls of teleportation
 i - 3 scrolls of blinking
 s - 2 scrolls of identify
Potions
 a - a potion of haste {unknown}
 c - 2 potions of brilliance
 h - 3 potions of curing
 l - a potion of attraction
 n - 3 potions of degeneration {unknown}
 r - 2 potions of might {unknown}
 t - 2 potions of berserk rage {unknown}
 u - a potion of resistance {unknown}
 z - a potion of magic {unknown}
 D - a potion of cancellation {unknown}


   Skills:
 + Level 9.1 Fighting
 + Level 11.7 Long Blades
 + Level 0.9 Throwing
 + Level 8.8 Armour
 + Level 5.6 Dodging
 + Level 2.6 Stealth


You had 9 spell levels left.
You didn't know any spells.
Your spell library was empty.

Dungeon Overview and Level Annotations

Branches:
Dungeon (9/15)             Temple (0/1) D:7
   Lair: D:8-11         Orc: D:9-12

Altars:
Ashenzari
Gozag
Kikubaaqudgha

Shops:
D:1 (   D:2 *   D:6 *


Innate Abilities, Weirdness & Mutations

You have a pair of horns on your head.
You reflexively headbutt those who attack you in melee.


Message History

The boulder beetle bites you.
You hit the boulder beetle but do no damage.
The boulder beetle is severely wounded.
The boulder beetle leaps!
The boulder beetle curls into a ball and begins rolling!
The boulder beetle barely misses you.
The boulder beetle stops rolling and uncurls.
The boulder beetle bites you but does no damage.
You hit the boulder beetle.
The boulder beetle is severely wounded.
The boulder beetle bites you.
You hit the boulder beetle.
You headbutt the boulder beetle, but do no damage.
The boulder beetle is severely wounded.
The boulder beetle bites you!
You hit the boulder beetle but do no damage.
The boulder beetle is severely wounded.
The boulder beetle bites you!
* * * LOW HITPOINT WARNING * * *
You hit the boulder beetle but do no damage.
You headbutt the boulder beetle.
The boulder beetle is severely wounded.
The boulder beetle bites you.
* * * LOW HITPOINT WARNING * * *
The boulder beetle completely misses you.
You hit the boulder beetle.
The boulder beetle is severely wounded.
The boulder beetle bites you but does no damage.
You hit the boulder beetle.
The boulder beetle is severely wounded.
The boulder beetle bites you!
* * * LOW HITPOINT WARNING * * *
You hit the boulder beetle but do no damage.
The boulder beetle is severely wounded.
The boulder beetle barely misses you.
You hit the boulder beetle but do no damage.
You headbutt the boulder beetle, but do no damage.
The boulder beetle is severely wounded.
The boulder beetle bites you!
You die...

#.........# #.........# .
##.......## ... #.........#
.........# #.........#
.........# #...).....#
.........#####.........#
..........................#
........:.......@........##
...#...........B.......##
#.####.......)<..#.#### #
#.....÷..........#)#
...#.....####.######.#
#.....÷...##.# #.#
#####[###.##.# #.# #.)#
.##.# #.# ##.## ##.# #.#


You could see a boulder beetle.

Vanquished Creatures
  A wyvern (D:9)
  2 steam dragons
  4 water moccasins
  2 orc warriors (D:8)
  A hornet zombie (D:8)
  2 ice beasts
  A black bear (D:4)
  3 necrophages
  2 ogres
  3 centaurs
  A phantom (D:6)
  3 bullfrogs
  3 scorpions
  3 kobold brigands
  A water moccasin zombie (D:6)
  A water moccasin skeleton (D:6)
  A killer bee (D:9)
  2 howler monkeys
  7 wights
  4 bullfrog zombies
  A centaur zombie (D:4)
  A gnoll shaman (D:7)
  5 hounds
  2 jellies
  A centaur skeleton (D:7)
  5 orc priests
  A human zombie (D:4)
  2 iguanas
  Natasha (thrice) (D:3)
  5 orc wizards
  A scorpion zombie (D:4)
  A killer bee zombie (D:9)
  2 hound zombies (D:4)
  A hound skeleton (D:5)
  A mummy (D:4)
  2 howler monkey zombies (D:8)
  A howler monkey skeleton (D:6)
  5 gnolls (D:7)
  3 adders
  2 adder zombies (D:4)
  2 adder skeletons (D:4)
  A worm (D:3)
  4 dart slugs
  17 orcs
  3 bats (D:1)
  4 endoplasms
  4 giant cockroaches
  11 goblins
  5 hobgoblins
  6 jackals
  2 quokkas
  6 ball pythons
  A frilled lizard (D:3)
  33 kobolds
  10 rats
201 creatures vanquished.

Vanquished Creatures (others)
  4 plants (D:7)
4 creatures vanquished.

Grand Total: 205 creatures vanquished

Notes
Turn   | Place    | Note
-------+----------+-------------------------------------------
     0 | D:1      | boopmooplesden the Minotaur Berserker began the quest for
                  | the Orb.
     0 | D:1      | Reached XP level 1. HP: 19/19 MP: 0/0
   125 | D:1      | Found Plog's Antique Weapon Shoppe.
   244 | D:1      | Reached XP level 2. HP: 27/27 MP: 1/1
   309 | D:1      | Reached skill level 4 in Long Blades
   806 | D:2      | Noticed a floating eye
   808 | D:2      | Found a faded altar of an unknown god.
   809 | D:2      | Noticed an eye of devastation
   809 | D:2      | Noticed a shining eye
   809 | D:2      | Noticed an eye of devastation
   819 | D:2      | Reached ** piety under Trog
   820 | D:2      | Reached XP level 3. HP: 33/33 MP: 2/2
   865 | D:2      | Found Tapleudgh's General Store.
  1783 | D:3      | Reached XP level 4. HP: 39/40 MP: 3/3
  1858 | D:3      | Noticed Natasha
  1862 | D:3      | Killed Natasha
  1863 | D:3      | Reached skill level 5 in Long Blades
  2022 | D:3      | Noticed a scorpion
  2027 | D:3      | Killed a scorpion
  2028 | D:3      | Reached skill level 1 in Stealth
  2028 | D:3      | Reached XP level 5. HP: 47/47 MP: 4/4
  2168 | D:3      | Noticed Natasha
  2177 | D:3      | Killed Natasha
  2193 | D:3      | Noticed Natasha
  2199 | D:3      | Killed Natasha
  2200 | D:3      | Reached skill level 5 in Fighting
  2559 | D:4      | Reached skill level 6 in Long Blades
  2559 | D:4      | Reached XP level 6. HP: 29/56 MP: 5/5
  3547 | D:4      | Reached skill level 7 in Long Blades
  3547 | D:4      | Reached XP level 7. HP: 61/61 MP: 6/6
  3618 | D:4      | Found an ancient bone altar of Kikubaaqudgha.
  3756 | D:4      | Reached *** piety under Trog
  3764 | D:4      | Reached skill level 8 in Long Blades
  4387 | D:5      | Entered Level 5 of the Dungeon
  4394 | D:5      | Reached XP level 8. HP: 70/70 MP: 7/7
  4543 | D:5      | Reached skill level 9 in Long Blades
  4931 | D:5      | Found a broken altar of Ashenzari.
  5206 | D:6      | Reached skill level 5 in Armour
  5769 | D:6      | Found an opulent altar of Gozag.
  5967 | D:6      | Found Xoteu's Elemental Accessories.
  6420 | D:7      | Reached **** piety under Trog
  6424 | D:7      | Reached XP level 9. HP: 81/81 MP: 8/8
  6428 | D:7      | Reached skill level 5 in Dodging
  6625 | D:7      | Reached skill level 10 in Long Blades
  6629 | D:7      | HP: 3/74 [wight/+3 dagger (4)]
  6920 | D:7      | Found a staircase to the Ecumenical Temple.
  8126 | D:8      | Identified the +0 plate armour of Insecurity {-Tele rC++
                  | Will++}
  8713 | D:8      | Reached skill level 11 in Long Blades
  9483 | D:9      | Noticed a two-headed ogre
  9541 | D:9      | Identified the +4 chain mail "Cumeygg" {rN+++ Int-4 Dex+4
                  | Stlth+}
  9550 | D:9      | Reached XP level 10. HP: 91/91 MP: 9/9
  9589 | D:9      | Noticed a boulder beetle
  9599 | D:9      | Reached ***** piety under Trog
 10019 | D:9      | HP: 2/91 [boulder beetle (13)]
 10021 | D:9      | Slain by a boulder beetle

Illustrated notes

Levels and vault maps discovered:
D:1:      dpeg_arrival_ratfight, layout_loops_ring, serial_shops,
          nicolae_shop_competitors_out_of_business
D:2:      layout_basic, serial_shops, shop,
          hellmonk_ecumenical_altar_watching_god, grunt_ministairs_15
D:3:      layout_rooms, kennysheep_generic_room_14, uniq_natasha
D:4:      layout_rooms, lemuel_mausoleum_altar_kikubaaqudgha,
          serial_co_window_serial, co_window_paths_a, co_window_corner_a,
          co_window_corner_a, co_window_of_opportunity_a, co_window_corner_a,
          co_window_corner_a, co_window_corner_a, co_window_2corner,
          co_window_corner_b, co_window_of_opportunity_b, co_window_cross_2,
          co_window_of_opportunity_b, co_window_paths_c, glass_columns_c,
          glass_columns_b, glass_columns_b, glass_columns_b, glass_columns_a
D:5:      layout_cave_pools, cheibrodos_ashenzari_chains
D:6:      layout_basic, grunt_gozag_breadcrumbs, nicolae_elemental_shop,
          minmay_circle_x
D:7:      kennysheep_kobold_camp, layout_basic, minmay_temple_entry_trees
D:8:      layout_basic
D:9:      cheibrodos_ideogram_h, layout_rooms, chei_slow_surprise, serial_shops,
          shop, hellmonk_guarded_unrand_gong

Skill      XL: |  1  2  3  4  5  6  7  8  9 |
---------------+----------------------------+-----
Long Blades    | 4 5 6 7 8 9 11 | 11.7
Fighting       | 4 5 6 7 9 |  9.1
Dodging        | 3 4 5 |  5.6
Stealth        | 1 2 |  2.6
Armour         | 3 6 8 |  8.8
Throwing       | |  0.9

Action                   |  1- 3 |  4- 6 |  7- 9 | 10-12 || total
-------------------------+-------+-------+-------+-------++-------
Melee: Falchion          |    73 |    74 |    61 |       ||   208
       Headbutt          |     5 |     9 |    54 |     8 ||    76
       Punch             |     1 |     2 |     2 |       ||     5
       Long sword        |       |       |   164 |       ||   164
       Scimitar          |       |       |   108 |    43 ||   151
Throw: Boomerang         |       |     5 |       |       ||     5
Invok: Berserk           |     2 |     4 |     9 |     2 ||    17
  Use: Scroll            |     2 |       |    11 |       ||    13
       Potion            |       |       |     2 |     4 ||     6
Armor: Animal skin       |     7 |     6 |       |       ||    13
       Scale mail        |       |     4 |    88 |       ||    92
       Plate armour      |       |       |    25 |    29 ||    54
Dodge: Dodged            |    51 |    51 |   208 |    41 ||   351
